 Dungeon Crawl Stone Soup version 0.30-a0-802-gb92711bcdf (webtiles) character file.

Game seed: 8765468884907652139

61 Newt the Trooper (level 3, -2/30 HPs)
             Began as a Demonspawn Gladiator on Feb 24, 2023.
             Killed from afar by Grinder (15 damage)
             ... with a bolt of dispelling energy
             ... on level 3 of the Dungeon.
             The game lasted 00:02:22 (1844 turns).

Newt the Trooper (Demonspawn Gladiator)             Turns: 1844, Time: 00:02:23

Health: -2/30      AC:  8    Str: 16    XL:     3   Next: 83%
Magic:  3/3        EV: 12    Int:  9    God:
Gold:   90         SH:  0    Dex: 14    Spells: 2/2 levels left

rFire   . . .      SeeInvis .    h - +1 short sword (drain)
rCold   . . .      Faith    .    (no shield)
rNeg    . . .      Spirit   .    b - +0 leather armour
rPois   .          Reflect  .    c - +0 helmet
rElec   .          Harm     .    (no cloak)
rCorr   .          Rampage  .    n - +1 pair of gloves
Will    .....                    (no boots)
Stlth   ++                       (no amulet)
HPRegen 0.25/turn                j - ring of wizardry
MPRegen 0.08/turn                (no ring)

@: no status effects
A: slimy green scales 1, demonic magic 1
a: no special abilities


You were on level 3 of the Dungeon.
You visited 1 branch of the dungeon, and saw 3 of its levels.

You collected 90 gold pieces.

Inventory:

Hand Weapons
 a - a +0 rapier
 h - a +1 short sword of draining (weapon)
Missiles
 d - 3 throwing nets (quivered)
Armour
 b - a +0 leather armour (worn)
 c - a +0 helmet (worn)
 n - a +1 pair of gloves (worn)
Jewellery
 j - a ring of wizardry (left hand)
 q - a ring of fire
Potions
 f - a potion of heal wounds {unknown}
 g - a potion of flight
 i - 2 potions of might
 m - a potion of brilliance


   Skills:
 + Level 3.8 Fighting
 - Level 2.6 Short Blades
 - Level 1.7 Throwing
 - Level 2.6 Dodging
 - Level 1.5 Stealth


You had 2 spell levels left.
You didn't know any spells.
Your spell library contained the following spells:

 Spells                   Type           Power      Damage    Failure   Level
 Inner Flame              Hex/Fire       0%         N/A       50%         3
 Flame Wave               Conj/Fire      0%         2d4       86%         4
 Sticky Flame             Conj/Fire      0%         2d3       86%         4


Dungeon Overview and Level Annotations

Branches:
Dungeon (3/15)

Altars:
Kikubaaqudgha

Annotations:
D:3 Grinder


Innate Abilities, Weirdness & Mutations

You are partially covered in slimy green scales. (AC +2)
Spells you cast may paralyse adjacent enemies.


Message History

Grinder zaps a wand.
The bolt of dispelling energy hits you!
Grinder is nearby!
Grinder is nearby!
Grinder is nearby!
An endoplasm comes into view.
The endoplasm moves out of view.
Throw: javelin
Press: ? - help, Shift-Dir - straight line, f - Grinder
Aim: Grinder, carrying a wand of quicksilver (11) (55% to hit)
You throw a javelin. The javelin closely misses Grinder.
Grinder gestures at you. Pain shoots through your body!
Grinder blinks!
Throw: 4 throwing nets
Press: ? - help, Q - select action Shift-Dir - straight line, f/p - Grinder
Aim: Grinder, carrying a wand of quicksilver (11) (55% to hit)
You throw a throwing net. The throwing net hits Grinder.
Grinder is caught in the net!
Grinder gestures at you. Pain shoots through your body!
Grinder struggles against the net.
You barely miss Grinder. You hit Grinder.
Grinder is lightly wounded.
You barely miss Grinder.
Grinder is lightly wounded.
Grinder struggles against the net.
You hit Grinder but do no damage.
Grinder is lightly wounded.
Grinder struggles against the net.
You hit Grinder but do no damage.
Grinder is lightly wounded.
Grinder blinks!
You hit the endoplasm. You drain the endoplasm.
You kill the endoplasm!
Grinder gestures at you. You resist with significant effort.
You hit Grinder.
Grinder is lightly wounded.
Grinder zaps a wand.
The bolt of dispelling energy hits you!
Ouch! That really hurt!
You die...

..#..............
...................
......##..####....##
...................
.~...###..#####...#
~###.##......##...# #
#8~~..~......##...###.##
#~.#~#~~~....##.5.......
~#~~.~~#~.......@.......
~~.....#~<###.#...###..#
.#~.~.~+..# #.#...#
#_.~..+..........#
#.~~~~+~.###.#...#
#.....#~..........
#~~~~~# .........(.
~~####...........###
#8.~ ...#...#...#


You could see Grinder.

Vanquished Creatures
  2 dart slugs
  8 endoplasms
  A giant cockroach (D:1)
  2 goblins
  5 hobgoblins
  4 jackals (D:2)
  7 kobolds
  2 quokkas
  3 ball pythons
  4 bats
  5 frilled lizards
  9 rats
  A spectral goblin (D:3)
53 creatures vanquished.

Notes
Turn   | Place    | Note
-------+----------+-------------------------------------------
     0 | D:1      | Newt the Demonspawn Gladiator began the quest for the Orb.
     0 | D:1      | Reached XP level 1. HP: 16/16 MP: 1/1
    24 | D:1      | Reached skill level 1 in Stealth
    78 | D:1      | Gained mutation: Spells you cast may paralyse adjacent
                  | enemies. [demonic ancestry]
    78 | D:1      | Reached XP level 2. HP: 21/22 MP: 2/2
   747 | D:1      | Reached skill level 3 in Fighting
   775 | D:1      | Gained mutation: You are partially covered in slimy green
                  | scales. (AC +2) [demonic ancestry]
   775 | D:1      | Reached XP level 3. HP: 28/29 MP: 3/3
  1010 | D:2      | Found an ancient bone altar of Kikubaaqudgha.
  1800 | D:3      | Found a faded altar of an unknown god.
  1831 | D:3      | Noticed Grinder
  1844 | D:3      | Killed from afar by Grinder

Illustrated notes

Levels and vault maps discovered:
D:1:      dpeg_arrival_ratfight, layout_loops_ring
D:2:      layout_basic, basic_altar, serial_bayou_pond_c
D:3:      minmay_thinvault, layout_basic,
          dreamdust_ecumenical_altar_drowned_temple, uniq_grinder

Skill      XL: |  1  2 |
---------------+-------+-----
Stealth        | 1 |  1.5
Fighting       | 3 |  3.8
Short Blades   | |  2.6
Throwing       | |  1.7
Dodging        | |  2.6

Action                     || total
---------------------------++-------
  Melee: Rapier            ||    94
         Short sword       ||    94
  Throw: Javelin           ||     1
         Throwing net      ||     1
    Use: Scroll            ||    10
   Stab: Sleeping          ||     3
 Armour: Leather armour    ||    78
  Dodge: Dodged            ||   125

Table legend: (Time is in decaauts)
 A = Elapsed time spent in this place.
 B = Non-inter-level travel time spent in this place.
 C = Inter-level travel time spent in this place.
 D = Time resting spent in this place.
 E = Time spent auto-exploring this place.
 F = Levels seen in this place.
 G = Mean time per level.
                   A        B        C        D        E       F      G
               +--------+--------+--------+--------+--------+-----+--------+
         Total |   1851 |   1815 |     36 |    279 |   1143 |   3 |  617.0 |
       Dungeon |   1851 |   1815 |     36 |    279 |   1143 |   3 |  617.0 |
               +--------+--------+--------+--------+--------+-----+--------+

Top non-repeatable levels by time:
     D:1: 976 daAuts
     D:2: 821 daAuts
     D:3: 53 daAuts
